 Dungeon Crawl Stone Soup version 0.25-a0-258-g6d7e32a (webtiles) character file.

Game seed: 16237611187130841801, levelgen mode: deterministic

105 AtlasWard the Skirmisher (level 4, -2/41 HPs)
             Began as a Ghoul Monk on Dec 6, 2019.
             Killed by divine providence
             ... invoked by an orc priest
              (10 damage)
             ... on level 3 of the Dungeon.
             The game lasted 00:06:02 (2713 turns).

AtlasWard the Skirmisher (Ghoul Monk)               Turns: 2713, Time: 00:06:03

Health: -2/41      AC:  7    Str: 15    XL:     4   Next: 81%
Magic:  3/3        EV: 12    Int:  5    God:
Gold:   139        SH:  0    Dex: 11    Spells: 3/3 levels left

rFire    . . .     SeeInvis .   a - +0 mace
rCold    + . .     Gourm    .   (no shield)
rNeg     + + +     Faith    .   b - +0 robe
rPois    ∞         Spirit   .   d - +0 helmet
rElec    .         Reflect  .   j - +0 cloak
rCorr    .         Harm     .   (no gloves)
MR       .....                  r - +2 pair of boots
Stlth    ++........             (no amulet)
HPRegen  0.00/turn              (no ring)
MPRegen  0.08/turn              (no ring)

@: rotting
A: rotting body, claws 1, carnivore, cold resistance 1, negative energy
resistance 3, inhibited regeneration, torment resistance, unbreathing
a: no special abilities


You were on level 3 of the Dungeon.
You were not hungry.

You visited 1 branch of the dungeon, and saw 3 of its levels.

You collected 139 gold pieces.

Inventory:

Hand Weapons
 a - a +0 mace (weapon)
Armour
 b - a +0 robe (worn)
 d - a +0 helmet (worn)
 h - a +0 ring mail
 j - a +0 cloak (worn)
 r - a +2 pair of boots (worn)
Jewellery
 l - an uncursed ring of fire {unknown}
Scrolls
 e - a scroll of enchant armour
 i - 2 scrolls of immolation {unknown}
 k - a scroll of teleportation {unknown}
 m - a scroll of magic mapping {unknown}
 n - a scroll of identify {unknown}
 u - a scroll of amnesia {unknown}
 v - a scroll of remove curse {unknown}
Potions
 f - a potion of agility {unknown}
 g - 2 potions of mutation {unknown}
 o - a potion of degeneration {unknown}
 p - a potion of haste {unknown}
 q - a potion of might {unknown}
 s - a potion of flight {unknown}
Comestibles
 c - 3 rations
 t - 2 chunks of flesh


   Skills:
 + Level 4.8 Fighting
 + Level 3.9 Maces & Flails
 - Level 2.6 Dodging
 - Level 2.1 Stealth


You had 3 spell levels left.
You didn't know any spells.
Your spell library was empty.

Dungeon Overview and Level Annotations

Branches:
Dungeon (3/15)

Altars:
Gozag
Qazlal


Innate Abilities, Weirdness & Mutations

Your body is rotting away.
You thrive on raw meat.
You are immune to poison.
You have sharp fingernails.
You are carnivorous and can eat meat at any time.
Your flesh is cold resistant. (rC+)
You are immune to negative energy. (rN+++)
You do not regenerate when monsters are visible.
You are immune to unholy pain and torment.
You can survive without breathing.


Message History

The orc hits you but does no damage.
You see here a frilled lizard corpse.
You butcher the frilled lizard corpse.
The orc closely misses you.
Things that are here:
a chunk of flesh; a frilled lizard skeleton
t - 2 chunks of flesh (gained 1)
The orc closely misses you. The orc completely misses you.
The orc hits you with a +0 flail. The orc hits you with a +0 mace.
The orc priest mumbles some strange prayers to Beogh against you.
Beogh smites you!
* * * LOW HITPOINT WARNING * * *
As you read the scroll labeled CUIH TALIXI, it crumbles to dust.
It is a scroll of enchant armour.
Your +1 pair of boots glows green for a moment.
The orc hits you.
* * * LOW HITPOINT WARNING * * *
The orc priest calls down the wrath of Beogh upon you.
Beogh smites you!
You die...

.. #....####...#.. .
####.##....+......#..
............÷.#.#....... #.#
##.##....#.#.#..#.# ##+#.# #.
#........#..#.# +###....##
.####'##...#..#.# .........#
#.................
........w#####..........##.#.#
........ooooo@...............#
..........####.######..###.#..
........†.# #.# #..###.#.#
.........## #.# #........#
.........# #.# #.#####..#
.........# #.######.# #..#
.........# #........#####...
.........# ########.......##
.........# #######.#


You could see an orc priest, a dart slug and 4 orcs.

Vanquished Creatures
  3 gnolls
  An adder (D:2)
  An ooze (D:3)
  4 worms
  A dart slug (D:1)
  A leopard gecko (D:2)
  An orc (D:3)
  2 ball pythons (D:1)
  5 bats
  4 giant cockroaches
  7 goblins
  4 hobgoblins
  4 jackals (D:1)
  A frilled lizard (D:3)
  3 kobolds
  4 rats
46 creatures vanquished.

Notes
Turn   | Place    | Note
-------+----------+-------------------------------------------
     0 | D:1      | AtlasWard the Ghoul Monk began the quest for the Orb.
     0 | D:1      | Reached XP level 1. HP: 19/19 MP: 0/0
   187 | D:1      | Reached XP level 2. HP: 21/26 MP: 1/1
   774 | D:1      | Reached XP level 3. HP: 29/33 MP: 2/2
   999 | D:1      | Reached skill level 4 in Fighting
  1172 | D:2      | Found a stormy altar of Qazlal.
  1172 | D:2      | Found an opulent altar of Gozag.
  1690 | D:1      | Reached XP level 4. HP: 29/41 MP: 3/3
  1746 | D:2      | HP: 2/41 [gnoll/+0 spear (6)]
  1751 | D:2      | HP: 1/41 [gnoll/+0 spear (1)]
  2713 | D:3      | Killed from afar by an orc priest

Levels and vault maps discovered:
D:1:      lightli_arrival_noodles, layout_basic
D:2:      layout_rooms, chequers_temple_overflow_statue_of_worship
D:3:      layout_basic

Skill      XL: |  1  2  3 |
---------------+----------+-----
Maces & Flails | 3 |  3.9
Fighting       | 4 |  4.8
Dodging        | |  2.6
Stealth        | |  2.1

Action                   |  1- 3 |  4- 6 || total
-------------------------+-------+-------++-------
Melee: Mace              |   146 |    61 ||   207
  Use: Scroll            |       |     1 ||     1
 Stab: Sleeping          |     6 |     1 ||     7
  Eat: Chunk             |    14 |     6 ||    20
Armor: Robe              |    56 |    19 ||    75
Dodge: Dodged            |   111 |    39 ||   150

Table legend:
 A = Non-vault XP
 B = Vault XP
 C = Vault XP percentage of total XP
 D = Non-vault monster count
 E = Vault monster count
 F = Vault count percentage of total count
                 A         B        C        D         E       F
            +---------+---------+-------+---------+---------+-------
      Total |     150 |       0 |   0.0 |      46 |       0 |   0.0
            +---------+---------+-------+---------+---------+-------
        D:1 |      54 |       0 |   0.0 |      21 |       0 |   0.0
        D:2 |      66 |       0 |   0.0 |      14 |       0 |   0.0
        D:3 |      30 |       0 |   0.0 |      11 |       0 |   0.0
            +---------+---------+-------+---------+---------+-------
